 Dungeon Crawl Stone Soup version 0.23-a0-814-g91b4073 (console) character file.

113 bli the Magician (level 4, 0/34 HPs)
             Began as a Demonspawn Wanderer on Jan 21, 2019.
             Slain by an orc wizard
             ... wielding a +0 dagger
              (1 damage)
             ... on level 2 of the Dungeon.
             The game lasted 00:08:07 (1938 turns).

bli the Magician (Demonspawn Wanderer)              Turns: 1938, Time: 00:08:08

Health: 0/34       AC:  2    Str: 20    XL:     4   Next: 65%
Magic:  3/8        EV: 11    Int: 11    God:
Gold:   77         SH:  0    Dex: 14    Spells: 5/9 levels left

rFire    + . .     SeeInvis .     - Unarmed
rCold    . . .     Gourm    .   (no shield)
rNeg     . . .     Faith    .   e - +0 robe
rPois    .         Spirit   .   (no helmet)
rElec    .         Reflect  .   (no cloak)
rCorr    .         Harm     .   (no gloves)
MR       .....                  (no boots)
Stlth    +.........             p - amulet of rage
HPRegen  0.11/turn              n - ring of protection from fire
MPRegen  0.11/turn              r - +6 ring of strength

@: very slightly contaminated
A: claws 1, powered by death 1
a: Evoke Berserk Rage


You were on level 2 of the Dungeon.
You were not hungry.

You visited 1 branch of the dungeon, and saw 3 of its levels.

You collected 77 gold pieces.

Inventory:

Hand Weapons
 o - a +0 hunting sling
Missiles
 f - 89 stones (quivered)
 k - a throwing net
 m - 8 tomahawks
Armour
 e - a +0 robe (worn)
 q - a +0 leather armour
Jewellery
 n - a ring of protection from fire (left claw)
 p - an amulet of rage (around neck)
 r - a +6 ring of strength (right claw)
Scrolls
 b - a scroll of blinking
 h - a scroll of enchant armour {unknown}
 i - 3 scrolls of identify {unknown}
 j - a scroll of magic mapping {unknown}
 t - a scroll of random uselessness {unknown}
 u - a scroll of teleportation {unknown}
Potions
 a - a potion of berserk rage
 d - a potion of lignification {unknown}
 l - 3 potions of brilliance {unknown}
 s - 2 potions of might {unknown}
 v - a potion of curing {unknown}
Comestibles
 c - 5 chunks of flesh
 g - 8 rations


   Skills:
 + Level 2.5 Fighting
 - Level 1.0 Throwing
 + Level 0.2 Dodging
 * Level 1.9 Unarmed Combat
 + Level 3.0 Spellcasting
 + Level 1.3 Conjurations
   Level 1.0 Hexes
 + Level 2.7 Poison Magic
 + Level 1.0 Evocations


You had 5 spell levels left.
You knew the following spells:

 Your Spells              Type           Power        Failure   Level  Hunger
a - Sting                 Conj/Pois      #...         12%         1    #......
c - Mephitic Cloud        Conj/Pois/Air  #.......     41%         3    ###....

Your spell library contained the following spells:

 Spells                   Type           Power        Failure   Level  Hunger
 Corona                   Hex            #......      17%         1    #......
 Summon Guardian Golem    Hex/Summ       #.......     54%         3    ###....


Dungeon Overview and Level Annotations

Branches:
Dungeon (3/15)

Altars:


Innate Abilities, Weirdness & Mutations

You have sharp fingernails.
You regenerate a little health from kills.


Message History

The orc hits you with a +0 short sword.
* * * LOW HITPOINT WARNING * * *
You completely miss the orc.
The orc is severely wounded.
The orc barely misses you.
You scratch the orc.
You kill the orc!
You scratch the orc wizard.
The orc wizard is almost dead.
The orc wizard casts a spell at you. You resist. The puff of flame hits you.
* * * LOW HITPOINT WARNING * * *
Casting: Sting (safe; 12% risk of failure)
Confirm with . or Enter, or press ? or * to list all spells.
Aiming: Sting (safe; 12% risk of failure)
Press: ? - help, Shift-Dir - straight line, f - orc wizard
Aim: an orc wizard, wielding a +0 dagger and wearing a cursed +0 robe (almost dead)
The sting misses the orc wizard.
The orc wizard hits you with a +0 dagger.
You die...

############################
#........>o@................
#.#######.##################
#.##### #.# #........#######
#...).# #.###......÷.##.....
#####.# #...................
#####'#######........##.....
#<......# #........#######
#.......## #........#
#........## #........#
#......8..###........#
#..........##......÷.#######


You could see an orc wizard.

Vanquished Creatures
  A worker ant (D:2)
  3 gnolls (D:2)
  An adder (D:2)
  2 dart slugs
  2 leopard geckos
  2 orcs
  A ball python (D:2)
  A giant cockroach (D:2)
  9 goblins
  8 hobgoblins
  2 kobolds (D:1)
  4 bats
  4 frilled lizards
  5 rats
45 creatures vanquished.

Notes
Turn   | Place    | Note
-------+----------+-------------------------------------------
     0 | D:1      | bli the Demonspawn Wanderer began the quest for the Orb.
     0 | D:1      | bli set off with the following items: a potion of berserk
                  | rage, a scroll of blinking, a +0 robe, a +0 club, a ration;
                  | and the following spells available to memorise: Corona,
                  | Sting, Mephitic Cloud, Summon Guardian Golem
     0 | D:1      | Reached XP level 1. HP: 16/16 MP: 3/3
     2 | D:1      | Learned a level 1 spell: Sting
   428 | D:1      | Gained mutation: You regenerate a little health from kills.
                  | [demonic ancestry]
   428 | D:1      | Reached XP level 2. HP: 22/22 MP: 0/5
  1152 | D:2      | Reached skill level 1 in Conjurations
  1152 | D:2      | Reached XP level 3. HP: 17/27 MP: 0/6
  1160 | D:2      | Learned a level 3 spell: Mephitic Cloud
  1277 | D:1      | Gained mutation: You have sharp fingernails. [demonic
                  | ancestry]
  1277 | D:1      | Reached XP level 4. HP: 20/34 MP: 7/7
  1836 | D:2      | Reached skill level 3 in Spellcasting
  1934 | D:2      | HP: 1/34 [orc/+0 short sword (5)]
  1938 | D:2      | Slain by an orc wizard

Vault maps used:
D:1:      elethiomel_arrival_infinity_welcomes_careful_drivers, hex_large,
          chequers_serial_rivers_room_a, dk_noncrumbling_3
D:2:      grunt_ministairs_9
D:3:      uniq_robin

Skill      XL: |  1  2  3  4 |
---------------+-------------+-----
Conjurations   | 1 |  1.3
Spellcasting   | 3 |  3.0
Fighting       | |  2.5
Throwing       | |  1.0
Dodging        | |  0.2
Unarmed Combat | |  1.9
Hexes          | |  1.0
Poison Magic   | |  2.7
Evocations     | |  1.0

Action                   |  1- 3 |  4- 6 || total
-------------------------+-------+-------++-------
Melee: Unarmed           |    57 |    42 ||    99
 Cast: Sting             |    35 |    31 ||    66
  Eat: Chunk             |     2 |     3 ||     5
Armor: Robe              |    10 |     5 ||    15
Dodge: Dodged            |    31 |    25 ||    56

Table legend:
 A = Non-vault XP
 B = Vault XP
 C = Vault XP percentage of total XP
 D = Non-vault monster count
 E = Vault monster count
 F = Vault count percentage of total count
                 A         B        C        D         E       F
            +---------+---------+-------+---------+---------+-------
      Total |     160 |       2 |   1.2 |      43 |       2 |   4.4
            +---------+---------+-------+---------+---------+-------
        D:1 |      33 |       1 |   2.9 |      18 |       1 |   5.3
        D:2 |     122 |       1 |   0.8 |      23 |       1 |   4.2
        D:3 |       5 |       0 |   0.0 |       2 |       0 |   0.0
            +---------+---------+-------+---------+---------+-------
